 Dungeon Crawl Stone Soup version 0.25-a0-603-g0321be95db (webtiles) character file.

Game seed: 1054179017144484850, levelgen mode: deterministic

17632 KiliKikkendorf the Severer (level 12, -2/104 HPs)
             Began as a Hill Orc Fighter on Mar 15, 2020.
             Was the Champion of Okawaru.
             Killed from afar by an orc sorcerer (40 damage)
             ... with a bolt of negative energy
             ... on level 2 of the Orcish Mines on Mar 16, 2020.
             The game lasted 01:36:14 (10340 turns).

KiliKikkendorf the Severer (Hill Orc Fighter)      Turns: 10340, Time: 01:36:15

Health: -2/104     AC: 29    Str: 28    XL:     12   Next: 50%
Magic:  12/12      EV:  8    Int: 10    God:    Okawaru [******]
Gold:   808        SH: 15    Dex: 13    Spells: 11/11 levels left

rFire    + + .     SeeInvis .   s - +2 war axe (freeze)
rCold    x . .     Gourm    .   c - +0 kite shield
rNeg     . . .     Faith    .   G - +8 chain mail of Resonance {*Corrode Str+6}
rPois    .         Spirit   .   t - +1 helmet
rElec    .         Reflect  +   M - +2 cloak {+Inv}
rCorr    +         Harm     .   I - +0 pair of gloves {Dex+3}
MR       .....     Clarity  +   e - +1 pair of boots
Stlth    ..........             R - amulet "Hiupic" {Reflect rF+ SH+3 Stlth+}
HPRegen  0.27/turn              n - ring of fire
MPRegen  0.13/turn              v - ring of resist corrosion

@: about to teleport, drained
A: clarity, MP-powered wands
a: Heroism, Finesse, Renounce Religion, Convert to Beogh, Evoke Invisibility


You were on level 2 of the Orcish Mines.
You worshipped Okawaru.
Okawaru was exalted by your worship.
You were hungry.

You visited 2 branches of the dungeon, and saw 11 of its levels.
You also visited: Ossuary.

You collected 808 gold pieces.

Inventory:

Hand Weapons
 i - a +2 war axe of pain
 p - the +4 hand axe of the Pits of Slime {elec, rF+}
   (You found it on level 4 of the Dungeon)

   Occasionally, upon striking a foe, it will discharge some electrical energy
   and cause terrible harm.
   It protects you from fire.
 s - a +2 war axe of freezing (weapon)
 z - a +0 fustibalus of freezing
Missiles
 r - 15 poisoned darts (quivered)
 K - 12 boomerangs
 N - 4 atropa-tipped darts
 Q - a sling bullet
Armour
 c - a +0 kite shield (worn)
 e - a +1 pair of boots (worn)
 j - the +3 scale mail of the Guardian {rCorr Str+4}
   (You found it on level 4 of the Dungeon)

   It affects your strength (+4).
   It provides partial protection from all sources of acid and corrosion.
 k - a +3 leather armour
 t - a +1 helmet (worn)
 y - a +2 cloak
 G - the +8 chain mail of Resonance (worn) {*Corrode Str+6}
   (You found it on level 7 of the Dungeon)

   It affects your strength (+6).
   It may corrode you when you take damage.
 I - a +0 pair of gloves of dexterity (worn)
 M - a +2 cloak of invisibility (worn)
Magical Staves
 w - an uncursed staff of wizardry
 F - an uncursed staff of earth {unknown}
 H - an uncursed staff of conjuration {unknown}
Jewellery
 n - a ring of fire (left hand)
 v - a ring of resist corrosion (right hand)
 C - an uncursed amulet of guardian spirit
 R - the amulet "Hiupic" (around neck) {Reflect rF+ SH+3 Stlth+}
   (You found it on level 9 of the Dungeon)

   [amulet of reflection]

   It shields you and reflects attacks.
   It protects you from fire.
   It affects your SH (+3).
   It makes you more stealthy.
Wands
 a - a wand of flame (29)
 J - a wand of random effects (19)
 O - a wand of polymorph (6)
 S - a wand of iceblast (8)
Scrolls
 h - a scroll of identify
 l - 2 scrolls of enchant weapon
 o - 2 scrolls of teleportation
 q - 2 scrolls of remove curse
 u - a scroll of magic mapping
 D - 2 scrolls of fog
 P - a scroll of noise {unknown}
Potions
 b - a potion of berserk rage
 d - 5 potions of might
 g - a potion of flight
 m - 8 potions of curing
 x - a potion of lignification
 A - 2 potions of stabbing
 B - 2 potions of ambrosia
 L - a potion of heal wounds
Miscellaneous
 E - a phantom mirror
Comestibles
 f - 19 rations


   Skills:
 + Level 9.2(8.4) Fighting
 * Level 16.4(15.5) Axes
 + Level 3.3(2.6) Slings
 * Level 10.9(10.0) Armour
 - Level 2.5(1.8) Dodging
 + Level 0.8(0.2) Stealth
 + Level 9.4(8.6) Shields


You had 11 spell levels left.
You didn't know any spells.
Your spell library contained the following spells:

 Spells                   Type           Power        Failure   Level  Hunger
 Beastly Appendage        Tmut           #.....       98%         1    ##.....
 Corona                   Hex            #......      98%         1    ##.....
 Slow                     Hex            #.......     99%         2    ###....
 Sticks to Snakes         Tmut           #.......     99%         2    ###....
 Inner Flame              Hex/Fire       #.......     100%        3    ####...
 Portal Projectile        Hex/Tloc       #.....       100%        3    ####...
 Spider Form              Tmut/Pois      #.........   100%        3    ####...
 Cause Fear               Hex            #.........   100%        4    #####..
 Ice Form                 Ice/Tmut       #.......     100%        4    #####..
 Leda's Liquefaction      Hex/Erth       #.........   100%        4    #####..
 Blade Hands              Tmut           #.........   100%        5    ######.


Dungeon Overview and Level Annotations

Branches:
Dungeon (9/15)             Temple (0/1) D:5            Lair (0/6) D:9
    Orc (2/2) D:9         Ossuary (visited)
    Elf: Orc:2

Altars:
Ashenzari
Gozag
Nemelex Xobeh
Okawaru
Qazlal
Trog
Uskayaw
Vehumet
Xom
Zin
The Shining One

Shops:
D:9 %


Innate Abilities, Weirdness & Mutations

You possess an exceptional clarity of mind.
You expend magic power (3 MP) to strengthen your wands.


Message History

Beogh smites you! You block the orc sorcerer's attack.
The orc priest threatens, "By the altar or by the axe, you will meet Beogh!"
Things that are here:
a +0 dagger; a +1 robe of fire resistance Your shield and chain mail of Resonance prevent you from hitting the orc sorcerer.
The orc sorcerer casts a spell at you. The bolt of fire hits you. You resist.
Your shield and chain mail of Resonance prevent you from hitting the orc sorcerer.
The orc priest mumbles some strange prayers to Beogh against you.
Beogh smites you!
As you read the scroll of teleportation, it crumbles to dust.
You feel strangely unstable. You block the orc sorcerer's attack.
The orc priest miscasts a cantrip.
The orc high priest mumbles some strange prayers to Beogh.
The orc priest miscasts a cantrip.
You hit the orc sorcerer. You freeze the orc sorcerer.
The orc sorcerer is lightly wounded.
The orc sorcerer gestures at you while chanting.
The bolt of negative energy hits you!!!
You feel drained.
You die...

#.###.##..##.....#
........).#......#
.........##......#
).#.##.###..)..#.#
.....### ##..###.#
....#.## #... #.#
.......# ##.###.#
o ......## ### #.#
o. .....## #@#
####o.. .....#
#o## .......
....## #oo##
....... ..###
#ooo######†..####
###
##o4.).)oo.......
. ##.4))).o.......
. ###############


You could see an orc high priest, an ice devil, a rust devil, an orc sorcerer,
an orc warrior and 4 orc priests.

Vanquished Creatures
  Harold (D:8)
  A hydra (D:9)
  2 two-headed ogres (D:9)
  The ghost of Aaksess the Skirmisher, a novice OpFi (D:6)
  The ghost of terminal the Grappler, a novice HOMo of Gozag (D:6)
  2 orc knights
  The ghost of Glundar the Shield-Bearer, a novice GnFi of Sif Muna (D:6)
  The ghost of loom the Charmwright, a novice GnSk of Okawaru (D:6)
  The ghost of stillor the Ducker, a novice DsGl of Okawaru (D:7)
  An elephant (D:9)
  A moth of wrath (D:7)
  Joseph (D:7)
  A hornet (D:7)
  3 trolls
  A hippogriff (D:8)
  2 dream sheep (D:9)
  2 wyverns
  4 yaks
  Grum (D:8)
  2 hungry ghosts (D:7)
  A steam dragon (D:7)
  3 wargs
  A water moccasin (D:7)
  An acid dragon (D:7)
  16 orc warriors
  3 ice beasts
  2 phantoms
  2 black bears
  2 sky beasts
  A necrophage (D:8)
  7 ogres
  3 wolves (D:8)
  6 centaurs (D:7)
  2 crocodiles (D:9)
  4 big kobolds
  Blork the orc (D:4)
  6 bullfrogs
  4 water moccasin zombies (Ossuary)
  A water moccasin skeleton (D:7)
  A scorpion (D:7)
  9 wights
  A howler monkey (D:4)
  4 crimson imps
  A gnoll shaman (D:7)
  4 hounds
  14 orc priests
  5 jellies
  Crazy Yiuf (D:7)
  3 bullfrog skeletons
  16 orc wizards
  Terence (D:2)
  An iguana (D:4)
  8 worker ants
  A big kobold zombie (Ossuary)
  2 hound zombies
  2 mummies (Ossuary)
  8 gnolls
  22 adders
  A shadow imp (D:7)
  6 adder zombies (Ossuary)
  3 worms
  A dart slug (D:3)
  2 leopard geckos
  60 orcs
  11 giant cockroaches
  3 goblins
  10 hobgoblins
  9 jackals
  9 kobolds
  5 quokkas
  4 ball pythons
  8 bats
  6 frilled lizards
  A gnoll zombie (Ossuary)
  6 hobgoblin zombies (Ossuary)
  2 kobold zombies (Ossuary)
  5 orc zombies (Ossuary)
  2 quokka zombies
  10 rats
364 creatures vanquished.

Vanquished Creatures (others)
  A wizard (D:8)
1 creature vanquished.

Grand Total: 365 creatures vanquished

Notes
Turn   | Place    | Note
-------+----------+-------------------------------------------
     0 | D:1      | KiliKikkendorf the Hill Orc Fighter began the quest for the
                  | Orb.
     0 | D:1      | Reached XP level 1. HP: 19/19 MP: 1/1
   111 | D:1      | Reached XP level 2. HP: 24/27 MP: 2/2
   122 | D:1      | Upgraded the game from 0.25-a0-597-gb30770a0c0 to
                  | 0.25-a0-603-g0321be95db
   214 | D:1      | Reached skill level 3 in Axes
   370 | D:1      | Reached XP level 3. HP: 28/33 MP: 3/3
   757 | D:2      | Reached skill level 4 in Axes
   911 | D:2      | Found a shattered altar of Ashenzari.
   990 | D:2      | Reached XP level 4. HP: 27/40 MP: 4/4
  1144 | D:2      | Reached skill level 5 in Axes
  1168 | D:2      | Gained mutation: You expend magic power (3 MP) to
                  | strengthen your wands. [potion of mutation]
  1168 | D:2      | Gained mutation: You possess an exceptional clarity of
                  | mind. [potion of mutation]
  1461 | D:3      | Noticed Terence
  1490 | D:2      | Killed Terence
  1490 | D:2      | Reached skill level 1 in Dodging
  1490 | D:2      | Reached XP level 5. HP: 42/46 MP: 5/5
  1666 | D:3      | Noticed an ice beast
  1697 | D:3      | Killed an ice beast
  1697 | D:3      | Reached skill level 6 in Axes
  1697 | D:3      | Reached XP level 6. HP: 30/52 MP: 6/6
  1965 | D:3      | Found an iron altar of Okawaru.
  2024 | D:3      | Became a worshipper of Warmaster Okawaru
  2335 | D:4      | Reached XP level 7. HP: 49/59 MP: 7/7
  2463 | D:4      | Reached skill level 7 in Axes
  2463 | D:4      | Reached skill level 1 in Slings
  2511 | D:4      | Learned a level 1 spell: Beastly Appendage
  2714 | D:4      | Got a jewelled scale mail
  2725 | D:4      | Identified the +3 scale mail of the Guardian {rCorr Str+4}
                  | (You found it on level 4 of the Dungeon)
  2750 | D:4      | Got a faintly glowing hand axe
  2751 | D:4      | Identified the +4 hand axe of the Pits of Slime {elec, rF+}
                  | (You found it on level 4 of the Dungeon)
  2917 | D:4      | Noticed Blork the orc
  2922 | D:4      | Killed Blork the orc
  3052 | D:5      | Entered Level 5 of the Dungeon
  3102 | D:5      | Found a sand-covered staircase.
  3107 | Ossuary  | Entered an ossuary
  3151 | Ossuary  | Reached * piety under Okawaru
  3151 | Ossuary  | Reached skill level 8 in Axes
  3288 | Ossuary  | Reached XP level 8. HP: 67/67 MP: 8/8
  3474 | D:5      | Reached skill level 9 in Axes
  3666 | D:5      | Reached skill level 5 in Fighting
  3719 | D:5      | Found an opulent altar of Gozag.
  3776 | D:5      | Found a staircase to the Ecumenical Temple.
  4147 | D:6      | Reached ** piety under Okawaru
  4202 | D:6      | Reached skill level 10 in Axes
  4215 | D:6      | Reached skill level 5 in Armour
  4306 | D:6      | Reached XP level 9. HP: 75/75 MP: 9/9
  4408 | D:6      | Reached skill level 5 in Shields
  4836 | D:6      | Found a radiant altar of Vehumet.
  4961 | D:6      | Found a runed translucent gate.
  4961 | D:6      | Noticed Glundar's ghost (novice GnFi)
  4961 | D:6      | Noticed Aaksess's ghost (novice OpFi)
  4962 | D:6      | Found a runed translucent gate.
  4962 | D:6      | Found a runed translucent gate.
  4962 | D:6      | Noticed loom's ghost (novice GnSk)
  4962 | D:6      | Noticed terminal's ghost (novice HOMo)
  5185 | D:6      | Reached skill level 11 in Axes
  5230 | D:7      | Reached *** piety under Okawaru
  5252 | D:7      | Found a transporter.
  5255 | D:7      | Noticed stillor's ghost (novice DsGl)
  5466 | D:7      | Reached skill level 12 in Axes
  5475 | D:7      | Reached **** piety under Okawaru
  5475 | D:7      | Reached XP level 10. HP: 83/84 MP: 8/10
  5553 | D:7      | Found a runed translucent door.
  5581 | D:7      | Found a runed translucent door.
  5615 | D:7      | Reached skill level 13 in Axes
  5768 | D:7      | Got a slimy chain mail
  5795 | D:7      | Identified the +8 chain mail of Resonance {*Corrode Str+6}
                  | (You found it on level 7 of the Dungeon)
  6154 | D:7      | Noticed Joseph
  6164 | D:7      | Killed Joseph
  6201 | D:7      | Reached ***** piety under Okawaru
  6219 | D:7      | Found a shimmering altar of Xom.
  6220 | D:7      | Found a shimmering altar of Xom.
  6220 | D:7      | Found a shimmering altar of Xom.
  6222 | D:7      | Found a shimmering altar of Xom.
  6229 | D:7      | Found a shimmering altar of Xom.
  6293 | D:7      | Found a runed translucent door.
  6294 | D:7      | Noticed Crazy Yiuf
  6300 | D:7      | Killed Crazy Yiuf
  6379 | D:7      | Found a shimmering altar of Xom.
  6417 | D:7      | Noticed a moth of wrath
  6427 | D:7      | Found a transporter.
  6479 | D:7      | Received a gift from Okawaru
  6487 | D:7      | Killed a moth of wrath
  6487 | D:7      | Reached skill level 14 in Axes
  6506 | D:7      | Killed stillor's ghost
  6841 | D:8      | Noticed Harold
  6858 | D:8      | Killed Harold
  6858 | D:8      | Reached XP level 11. HP: 81/92 MP: 11/11
  6923 | D:8      | Found a glowing golden altar of the Shining One.
  7134 | D:8      | Found a sparkling altar of Nemelex Xobeh.
  7149 | D:8      | Found a glowing silver altar of Zin.
  7325 | D:8      | Found a bloodstained altar of Trog.
  7327 | D:8      | Noticed a wizard
  7331 | D:8      | Killed a wizard
  7377 | D:8      | Noticed Grum
  7393 | D:8      | Killed Grum
  7393 | D:8      | Reached skill level 15 in Axes
  7642 | D:9      | Reached ****** piety under Okawaru
  7738 | D:9      | Received a gift from Okawaru
  7774 | D:9      | Found a hide-covered altar of Uskayaw.
  7838 | D:9      | Noticed a two-headed ogre
  7845 | D:9      | Killed a two-headed ogre
  7874 | D:9      | Found a staircase to the Lair.
  7892 | D:9      | Found a stormy altar of Qazlal.
  7892 | D:9      | Found Tuwel Qaufeo's Food Shop.
  7892 | D:9      | Found an opulent altar of Gozag.
  7936 | D:9      | Got a flickering pewter amulet
  7947 | D:9      | Identified the amulet "Hiupic" {Reflect rF+ SH+3 Stlth+}
                  | (You found it on level 9 of the Dungeon)
  8020 | D:9      | Noticed a two-headed hydra
  8044 | D:9      | Killed a 14-headed hydra
  8044 | D:9      | Reached skill level 10 in Armour
  8351 | D:9      | Found a staircase to the Orcish Mines.
  8389 | Orc:1    | Entered Level 1 of the Orcish Mines
  8398 | Orc:1    | Noticed a two-headed ogre
  8406 | Orc:1    | Noticed an orc knight
  8406 | Orc:1    | Noticed an orc knight
  8431 | D:9      | Killed a two-headed ogre
  8431 | D:9      | Reached XP level 12. HP: 63/103 MP: 12/12
  8637 | D:9      | Received a gift from Okawaru
  8967 | D:6      | Killed Aaksess's ghost
  8967 | D:6      | Reached skill level 16 in Axes
  8978 | D:6      | Killed terminal's ghost
  8997 | D:6      | Killed Glundar's ghost
  9020 | D:6      | Killed loom's ghost
 10194 | Orc:2    | Entered Level 2 of the Orcish Mines
 10310 | Orc:2    | Noticed an orc high priest
 10340 | Orc:2    | Killed from afar by an orc sorcerer

Levels and vault maps discovered:
D:1:      psy_arrival_wood_between_worlds, layout_basic
D:2:      layout_basic, ashenzari_conservatory_becter, first_ration
D:3:      layout_rooms, minmay_misc_feat_pillars, okawaru_gym_becter,
          uniq_terence
D:4:      layout_loops_ring, uniq_blork_the_orc
D:5:      layout_loops_ring, minmay_temple_entry_glassed_door, basic_altar,
          enter_ossuary_2
D:6:      minmay_evil_eye, layout_basic, overflow_temple_1_default,
          gammafunk_ghost_cemetery
D:7:      minmay_the_grid_triangle_9x9_rhombus_full
          [minmay_the_grid_triangle_9x9_limited_checkers,
          minmay_the_grid_triangle_9x9_wacky_v,
          minmay_the_grid_triangle_9x9_impossible_snake,
          minmay_the_grid_triangle_9x9_thin_v,
          minmay_the_grid_triangle_9x9_alien,
          minmay_the_grid_triangle_9x9_tough_junction,
          minmay_the_grid_triangle_9x9_negative_grid,
          minmay_the_grid_triangle_9x9_prize_schism], layout_rooms,
          xom_redecorated, gammafunk_ghost_berserking_beasts,
          uniq_crazy_yiuf_cottage, uniq_joseph
D:8:      layout_basic, zin_academy, lemuel_doored_altar, kennysheep_mini_moat,
          trog_wizard, uniq_harold, uniq_grum
D:9:      layout_rooms, lemuel_round_altar, grunt_temple_overflow_open,
          david_lair_generic, david_orc_3, serial_shops, shop, hangedman_ranch
          [blue_anna_fruit_fields]
Orc:1:    layout_diamond_mine
Orc:2:    st_orc_mages, layout_diamond_mine

Skill      XL: |  1  2  3  4  5  6  7  8  9 10 11 12 |
---------------+-------------------------------------+-----
Axes           | 3 4 5 6 8 10 12 14 15 16 | 16.4
Fighting       | 4 5 6 7 8 9 |  9.2
Dodging        | 1 2 |  2.5
Shields        | 4 5 7 8 9 |  9.4
Slings         | 2 3 |  3.3
Armour         | 4 5 7 8 10 | 10.9
Stealth        | |  0.8

Action                   |  1- 3 |  4- 6 |  7- 9 | 10-12 || total
-------------------------+-------+-------+-------+-------++-------
Melee: War axe           |   113 |   102 |    27 |   196 ||   438
       Hand axe          |       |       |   366 |   474 ||   840
 Fire: Hunting sling     |       |    24 |    23 |     6 ||    53
Invok: Heroism           |       |       |       |     1 ||     1
  Use: Scroll            |     4 |     3 |     7 |     5 ||    19
       Potion            |       |     3 |     6 |     3 ||    12
 Stab: Invisible         |       |       |       |     1 ||     1
  Eat: Chunk             |       |     5 |     4 |     7 ||    16
       Ration            |       |       |     2 |     3 ||     5
Armor: Scale mail        |    45 |       |    97 |    11 ||   153
       Leather armour    |    16 |    39 |    11 |       ||    66
       Chain mail        |       |       |       |   185 ||   185
Dodge: Dodged            |    43 |    32 |   107 |   113 ||   295
Block: Kite shield       |    75 |    57 |   134 |   288 ||   554
       Reflection        |       |       |       |     2 ||     2

Table legend:
 A = Non-vault XP
 B = Vault XP
 C = Vault XP percentage of total XP
 D = Non-vault monster count
 E = Vault monster count
 F = Vault count percentage of total count
                 A         B        C        D         E       F
            +---------+---------+-------+---------+---------+-------
      Total |   11974 |   13215 |  52.5 |     263 |     101 |  27.7
            +---------+---------+-------+---------+---------+-------
        D:1 |      54 |       0 |   0.0 |      32 |       0 |   0.0
        D:2 |     122 |      36 |  22.8 |      25 |       1 |   3.8
        D:3 |     290 |       0 |   0.0 |      23 |       0 |   0.0
        D:4 |     347 |      90 |  20.6 |      17 |       1 |   5.6
        D:5 |     382 |       0 |   0.0 |      16 |       0 |   0.0
        D:6 |    1311 |    2681 |  67.2 |      31 |       5 |  13.9
        D:7 |    1277 |    4512 |  77.9 |      34 |      31 |  47.7
        D:8 |    1601 |    1595 |  49.9 |      31 |       5 |  13.9
        D:9 |    4620 |    3270 |  41.4 |      35 |      17 |  32.7
      Orc:1 |    1116 |       0 |   0.0 |       6 |       0 |   0.0
      Orc:2 |     854 |     603 |  41.4 |      13 |      14 |  51.9
    Ossuary |       0 |     428 | 100.0 |       0 |      27 | 100.0
            +---------+---------+-------+---------+---------+-------
